 Dungeon Crawl Stone Soup version 0.18-a0-1778-gadce9fa (webtiles) character file.

3719 Ace the Severer (level 9, -2/68 HPs)
             Began as a Minotaur Gladiator on Apr 16, 2016.
             Slain by a troll (13 damage)
             ... on level 9 of the Dungeon.
             The game lasted 00:23:22 (9663 turns).

Ace the Severer (Minotaur Gladiator)                Turns: 9663, Time: 00:23:23

Health: -2/68      AC: 12    Str: 23    XL:     9   Next: 92%
Magic:  8/8        EV:  9    Int:  5    God:
Gold:   518        SH:  0    Dex: 11    Spells: 0 memorised, 8 levels left

rFire  . . .     SeeInvis .     a - +0 war axe
rCold  . . .     Gourm    .     o - +0 chain mail
rNeg   . . .     Faith    .     (no shield)
rPois  .         Spirit   .     c - +1 hat
rElec  .         Dismiss  .     h - +0 cloak
rCorr  .         Reflect  .     G - +0 pair of gloves
SustAt .         Harm     .     p - +0 pair of boots
MR     .....                    (no amulet)
Stlth  ..........               (no ring)
                                (no ring)

@: not resistant to hostile enchantments, extremely unstealthy
A: retaliatory headbutt, horns 2
a: no special abilities


You were on level 9 of the Dungeon.
You were hungry.

You visited 2 branches of the dungeon, and saw 10 of its levels.

You collected 518 gold pieces.

Inventory:

Hand Weapons
 a - a +0 war axe (weapon)
 m - a +0 broad axe
 D - a +1 battleaxe
Missiles
 d - a throwing net (quivered)
Armour
 c - a +1 hat (worn)
 h - a +0 cloak (worn)
 o - a +0 chain mail (worn)
 p - a +0 pair of boots (worn)
 B - the cursed +0 ring mail "Cirim" {+Fly rF- rN+ Dex+3}
   (You found it on level 5 of the Dungeon)

   It affects your dexterity (+3).
   It makes you vulnerable to fire.
   It protects you from negative energy.
   It lets you fly.
   It has a curse placed upon it.
 G - a +0 pair of gloves (worn)
Jewellery
 b - an uncursed ring of magical power
 s - an uncursed amulet of dismissal
 F - an uncursed ring of sustain attributes {unknown}
 K - an uncursed ring of ice
Wands
 N - a wand of digging (23/24)
Scrolls
 i - 7 scrolls of amnesia
 j - 2 scrolls of teleportation
 t - 2 scrolls of fog
 x - 3 scrolls of remove curse
 y - a scroll of torment {unknown}
 I - 2 scrolls of enchant armour
Potions
 e - 2 potions of might
 k - a potion of magic
 l - 5 potions of curing
 n - 2 potions of brilliance
 q - 2 potions of flight
 r - a potion of invisibility
 v - a potion of cure mutation
 A - 4 potions of cancellation
 E - a potion of heal wounds
 H - a potion of agility {unknown}
 J - a potion of ambrosia {unknown}
 M - 2 potions of lignification
Comestibles
 f - 8 bread rations
 g - a beef jerky
 u - 2 meat rations
 w - 2 fruits
 L - a slice of pizza


   Skills:
 - Level 2.4 Fighting
 + Level 16.2 Axes
 - Level 2.0 Throwing
 - Level 3.2 Dodging


You had 8 spell levels left.
You didn't know any spells.

Dungeon Overview and Level Annotations

Branches:
Dungeon (9/15)             Temple (1/1) D:7
   Lair: D:8-11         Orc: D:9-12

Altars:
Cheibriados
Dithmenos
Elyvilon
Fedhas
Gozag
Kikubaaqudgha
Makhleb
Nemelex Xobeh
Pakellas
Qazlal
Ru
Sif Muna
Trog
Vehumet
Xom
Yredelemnul
Zin
The Shining One

Shops:
D:9 }


Innate Abilities, Weirdness & Mutations

You reflexively headbutt those who attack you in melee.
You have a pair of horns on your head.


Message History

The troll is severely wounded.
The troll barely misses you. The troll claws you. The troll barely misses you.
You closely miss the troll. You headbutt the troll.
The troll is almost dead.
The troll bites you! The troll claws you!
The troll claws you but does no damage.
You hit the troll but do no damage.
The troll is almost dead.
The troll bites you. The troll claws you. The troll barely misses you.
You hit the troll.
The troll is almost dead.
You hit the troll but do no damage. Your headbutt misses the troll.
The troll is almost dead.
The troll bites you!
* * * LOW HITPOINT WARNING * * *
The troll closely misses you. The troll barely misses you.
You closely miss the troll. Your headbutt misses the troll.
The troll is almost dead.
The troll bites you!
You die...

#####....... #.# ####. . #.# .#.
#.# ##### #.#.# #.# ....# #.#.#
#.# ###.# #.#<###.###########
##.## #.#.#o.)..o.......#
##...## #.#.#T#.......$...#
#.....######.#.#@###########....
.......)........)# #
#....)######.#.###
..........##.#.#
...............#
#.....###.###### #.....# # #
#######


You could see a troll and an orc.

Vanquished Creatures
  Grinder (D:3)
  Sigmund (D:6)
  Duvessa (D:6)
  2 ice beasts
  A wasp (D:8)
  4 orc warriors
  A phantom (D:8)
  6 ogres
  4 centaurs
  Blork the orc (D:4)
  3 giant frogs
  Dowan (D:6)
  A scorpion (D:4)
  4 killer bees (D:7)
  5 crimson imps
  3 hounds
  3 jellies
  2 giant frog zombies
  A centaur skeleton (D:8)
  4 orc priests
  A giant frog skeleton (D:7)
  4 orc wizards
  3 iguanas
  6 worker ants
  A killer bee zombie (D:9)
  Robin (D:2)
  7 gnolls
  A howler monkey skeleton (D:7)
  4 adders
  An ooze (D:1)
  An adder skeleton (D:7)
  4 worms (D:2)
  A dart slug (D:1)
  3 giant geckos
  11 orcs
  3 giant cockroaches
  18 goblins
  9 hobgoblins
  A jackal (D:4)
  7 kobolds
  3 quokkas
  7 bats
  7 giant newts
  7 rats
160 creatures vanquished.

Vanquished Creatures (collateral kills)
  An orc (D:9)
1 creature vanquished.

Grand Total: 161 creatures vanquished

Notes
Turn   | Place    | Note
--------------------------------------------------------------
     0 | D:1      | Ace the Minotaur Gladiator began the quest for the Orb.
     0 | D:1      | Reached XP level 1. HP: 18/18 MP: 0/0
    20 | D:1      | Reached skill level 4 in Axes
   184 | D:1      | Reached XP level 2. HP: 25/25 MP: 1/1
   471 | D:1      | Reached skill level 5 in Axes
   488 | D:1      | Reached XP level 3. HP: 28/30 MP: 2/2
   772 | D:2      | Found a sparkling altar of Nemelex Xobeh.
  1166 | D:2      | Found a stormy altar of Qazlal.
  1557 | D:3      | Reached XP level 4. HP: 37/37 MP: 3/3
  1578 | D:3      | Reached skill level 6 in Axes
  1733 | D:3      | Noticed Robin
  1735 | D:3      | Noticed Grinder
  1773 | D:2      | Killed Robin
  2150 | D:3      | Killed Grinder
  2150 | D:3      | Reached skill level 8 in Axes
  2150 | D:3      | Reached XP level 5. HP: 29/42 MP: 4/4
  2150 | D:3      | Reached XP level 6. HP: 35/50 MP: 5/5
  2303 | D:3      | Found a snail-covered altar of Cheibriados.
  2351 | D:3      | You fall through a shaft for 3 floors!
  2406 | D:5      | Entered Level 5 of the Dungeon
  2415 | D:5      | Got a jewelled ring mail
  2865 | D:4      | Noticed Blork the orc
  2876 | D:4      | Killed Blork the orc
  2876 | D:4      | Reached skill level 9 in Axes
  3340 | D:4      | Reached XP level 7. HP: 53/56 MP: 6/6
  3759 | D:4      | Reached skill level 10 in Axes
  4690 | D:6      | Noticed Sigmund
  4708 | D:6      | Killed Sigmund
  4708 | D:6      | Reached skill level 11 in Axes
  4720 | D:6      | Reached XP level 8. HP: 42/62 MP: 7/7
  5251 | D:6      | Reached skill level 12 in Axes
  6335 | D:6      | Noticed Duvessa
  6337 | D:6      | Noticed Dowan
  6344 | D:6      | Killed Duvessa
  6344 | D:6      | Reached skill level 13 in Axes
  6353 | D:6      | Killed Dowan
  6713 | D:7      | Found an ancient bone altar of Kikubaaqudgha.
  6741 | D:7      | Found a shadowy altar of Dithmenos.
  6741 | D:7      | Found a glowing silver altar of Zin.
  6743 | D:7      | Found a radiant altar of Vehumet.
  6743 | D:7      | Found a burning altar of Makhleb.
  6746 | D:7      | Found a bloodstained altar of Trog.
  6746 | D:7      | Found a blossoming altar of Fedhas.
  6747 | D:7      | Found a basalt altar of Yredelemnul.
  7042 | D:7      | Reached XP level 9. HP: 66/68 MP: 8/8
  7254 | D:7      | HP: 4/102 [killer bee (3)]
  7260 | D:7      | Reached skill level 14 in Axes
  7781 | D:7      | Found a staircase to the Ecumenical Temple.
  7914 | Temple   | Entered the Ecumenical Temple
  8009 | Temple   | Identified the cursed +0 ring mail "Cirim" {+Fly rF- rN+ Dex+3} (You found it on level 5 of the Dungeon)
  8663 | D:8      | Reached skill level 15 in Axes
  9234 | D:9      | Found an oddly glowing altar of Pakellas.
  9234 | D:9      | Found Pakellas's Prime Provisions.
  9307 | D:9      | Reached skill level 16 in Axes
  9637 | D:9      | Noticed a troll
  9663 | D:9      | Slain by a troll

Vault maps used:
D:1:      mrwooster_arrival_statue, minmay_statues_item
D:2:      grunt_qazlal_clouds, nemelex_deck, serial_forest,
          infiniplex_forest_straight_4, infiniplex_forest_clump_curved,
          infiniplex_forest_clump_diagonal, infiniplex_forest_diagonal,
          infiniplex_forest_lined_room_2, infiniplex_forest_lined_corner,
          infiniplex_forest_clump_tiny, infiniplex_forest_join,
          infiniplex_forest_clump_C, hangedman_abyss_or_decor_stabs,
          minmay_misc_feat_cross
D:3:      lemuel_doored_altar, first_bread, minmay_item_behind_shaft,
          uniq_grinder, uniq_robin
D:4:      uniq_blork_the_orc
D:6:      st_stairs_6, uniq_sigmund, uniq_duvessa
D:7:      nicolae_whirlpool, grunt_temple_overflow_open,
          minmay_temple_entry_junction
D:9:      marbit_many_paths, johnstein_pakellas_shop,
          cheibrodos_ashenzari_chains
Temple:   circular_temple_6

Skill      XL: |  1  2  3  4  5  6  7  8  9 |
---------------+----------------------------+-----
Axes           | 4 5 8 9 11 13 16 | 16.2
Fighting       | |  2.4
Throwing       | |  2.0
Dodging        | |  3.2

Action                   |  1- 3 |  4- 6 |  7- 9 || total
-------------------------+-------+-------+-------++-------
Melee: War axe           |    57 |    75 |   333 ||   465
       Headbutt          |    16 |     7 |    58 ||    81
Throw: Throwing net      |       |     3 |     5 ||     8
  Use: Scroll            |       |       |    24 ||    24
       Potion            |       |       |     5 ||     5
 Stab: Held in net/web   |       |     1 |     2 ||     3
  Eat: Chunk             |     2 |     6 |    18 ||    26
       Fruit             |       |       |     1 ||     1
Armor: Leather armour    |    15 |       |       ||    15
       Chain mail        |     3 |    53 |   119 ||   175
       Skin              |       |       |    16 ||    16
Dodge: Dodged            |    38 |    31 |   129 ||   198
